[Event "ICC tourney 2517 (60 10)"]
[Site "Internet Chess Club"]
[Date "2021.04.17"]
[Round "1"]
[White "TORRES, ETHAN:chess4bigbrain"]
[Black "Ananth, Ananya:Ananya22609"]
[Result "0-1"]
[ICCResult "White checkmated"]
[WhiteElo "1077"]
[BlackElo "1637"]
[Opening "Sicilian defense"]
[ECO "B20"]
[NIC "SI.48"]
[Time "10:02:11"]
[PlyCount "66"]
[TimeControl "3600+10"]

1. e4 c5 2. Bc4 d6 3. Qh5 e6 4. Nc3 Nf6 5. Qd1 a6 6. Nf3 b5 7. Nxb5 axb5 8.
Bxb5+ Bd7 9. Bxd7+ Nbxd7 10. O-O Be7 11. e5 dxe5 12. d4 exd4 13. Re1 O-O
14. c3 dxc3 15. bxc3 Qc7 16. c4 Rfd8 17. Bb2 Rab8 18. Qc2 Nf8 19. Be5 Bd6
20. Bxf6 gxf6 21. Re4 Ng6 22. Rg4 Kh8 23. Nh4 Rg8 24. Qc3 Be5 25. Nxg6+
Rxg6 26. Qh3 Rxg4 27. Re1 Rbg8 28. g3 Bd4 29. a4 Qf4 30. Rf1 Qf3 31. Qh5
Rxg3+ 32. hxg3 Rxg3+ 33. Kh2 Qg2# { White checkmated } 0-1

[Event "ICC tourney 2517 (60 10)"]
[Site "Internet Chess Club"]
[Date "2021.04.17"]
[Round "1"]
[White "GOLDSTEIN, ARAV MICAH:LoopyLoop"]
[Black "Messinger, Dashiell:dancingbananas"]
[Result "1-0"]
[ICCResult "Black resigns"]
[WhiteElo "1649"]
[BlackElo "1251"]
[Opening "Sicilian: Alapin's variation (2.c3)"]
[ECO "B22"]
[NIC "SI.46"]
[Time "10:02:17"]
[PlyCount "25"]
[TimeControl "3600+10"]

1. e4 c5 2. c3 e6 3. d4 cxd4 4. cxd4 Qc7 5. Nc3 d6 6. Bd2 a6 7. Rc1 Qd7 8.
Na4 Qd8 9. Nb6 Qxb6 10. Rxc8+ Kd7 11. Rxf8 Ke7 12. Rc8 Qxd4 13. Bg5+ {
Black resigns } 1-0

[Event "ICC tourney 2517 (60 10)"]
[Site "Internet Chess Club"]
[Date "2021.04.17"]
[Round "1"]
[White "SMITH, SILAS:agent1337"]
[Black "JOSEPH, JAHIA:ZhonglisMeteor"]
[Result "1-0"]
[ICCResult "Black checkmated"]
[WhiteElo "1717"]
[BlackElo "1385"]
[Opening "Modern defense: Averbakh system"]
[ECO "A40"]
[NIC "KF.02"]
[Time "10:02:04"]
[PlyCount "111"]
[TimeControl "3600+10"]

1. d4 g6 2. c4 Bg7 3. Nc3 d6 4. e4 Nd7 5. f3 c5 6. d5 Ngf6 7. Nge2 Ne5 8.
Ng3 a6 9. Be3 Rb8 10. Qd2 h6 11. h3 b5 12. cxb5 axb5 13. Bxb5+ Bd7 14.
Bxd7+ Qxd7 15. O-O Nc4 16. Qe2 Nxe3 17. Qxe3 Rxb2 18. a4 Nxd5 19. Qc1 Nxc3
20. Qxb2 O-O 21. Qc2 Ra8 22. a5 Qa7 23. f4 c4+ 24. Kh1 Qe3 25. Rf3 Qd4 26.
Rc1 Na4 27. Qxa4 c3 28. Qxd4 Bxd4 29. Ne2 e5 30. fxe5 dxe5 31. Nxc3 Rxa5
32. Nd5 Kg7 33. Rc7 Ra1+ 34. Kh2 Bg1+ 35. Kg3 Ra7 36. Rxa7 Bxa7 37. Nf6 Bd4
38. Nd7 Kg8 39. Kh2 Kg7 40. g4 Kg8 41. Kg2 Kg7 42. Kf1 Kg8 43. Ke2 Kg7 44.
Kd3 Kg8 45. Kc4 Kg7 46. Kd5 Kg8 47. Nxe5 Bxe5 48. Kxe5 Kg7 49. h4 Kg8 50.
Kf6 Kf8 51. e5 Kg8 52. e6 fxe6 53. Kxg6 e5 54. Re3 Kh8 55. Rxe5 Kg8 56.
Re8# { Black checkmated } 1-0

[Event "ICC tourney 2517 (60 10)"]
[Site "Internet Chess Club"]
[Date "2021.04.17"]
[Round "1"]
[White "BOONCHAROEN, NATHAN:Strawberrydevil"]
[Black "Xiao, Michael:michaelxiao"]
[Result "1-0"]
[ICCResult "Black resigns"]
[WhiteElo "1664"]
[BlackElo "1272"]
[Opening "French: advance, Paulsen attack"]
[ECO "C02"]
[NIC "FR.03"]
[Time "10:02:11"]
[PlyCount "75"]
[TimeControl "3600+10"]

1. e4 e6 2. d4 d5 3. e5 c5 4. c3 Nc6 5. Nf3 Qb6 6. a3 c4 7. Be2 Na5 8. Nbd2
Ne7 9. Rb1 Bd7 10. O-O Nb3 11. Nxb3 Ba4 12. Bg5 Bxb3 13. Qd2 h6 14. Bh4 g5
15. Bg3 Nf5 16. Bd1 Nxg3 17. fxg3 g4 18. Nh4 Bxd1 19. Qxd1 h5 20. b3 cxb3
21. Rxb3 Qc6 22. h3 gxh3 23. gxh3 Rh6 24. Qf3 Rh7 25. Ng2 O-O-O 26. Rfb1
Rd7 27. c4 Kd8 28. cxd5 exd5 29. Qf5 Rh6 30. Nf4 h4 31. e6 Rc7 32. Qg5+ Ke8
33. Nxd5 hxg3 34. Nxc7+ Qxc7 35. exf7+ Kxf7 36. Rxb7 Rg6 37. Rxc7+ Be7 38.
Rxe7+ { Black resigns } 1-0

[Event "ICC tourney 2517 (60 10)"]
[Site "Internet Chess Club"]
[Date "2021.04.17"]
[Round "1"]
[White "ZHANG, ROGER:RogerZ"]
[Black "WU, ANDY:ScorpianFire7"]
[Result "1-0"]
[ICCResult "Black resigns"]
[WhiteElo "1950"]
[BlackElo "1551"]
[Opening "Ruy Lopez: closed, Smyslov defense"]
[ECO "C93"]
[NIC "RL.22"]
[Time "10:02:07"]
[PlyCount "41"]
[TimeControl "3600+10"]

1. e4 e5 2. Nf3 Nc6 3. Bb5 a6 4. Ba4 Nf6 5. O-O b5 6. Bb3 Be7 7. Re1 O-O 8.
c3 d6 9. h3 h6 10. d4 exd4 11. cxd4 d5 12. e5 Ne4 13. Nbd2 Nxd2 14. Bxd2
Be6 15. Rc1 Qd7 16. a3 Rfd8 17. Qc2 Na7 18. Qxc7 Qxc7 19. Rxc7 Bf8 20. Ba5
Rdc8 21. Rec1 { Black resigns } 1-0

[Event "ICC tourney 2517 (60 10)"]
[Site "Internet Chess Club"]
[Date "2021.04.17"]
[Round "1"]
[White "YEE, AUSTEN:kleeno2"]
[Black "RAMKUMAR, ADITYA:aditya7708"]
[Result "0-1"]
[ICCResult "White resigns"]
[WhiteElo "894"]
[BlackElo "1627"]
[Opening "Queen's pawn game, Darooha variation "]
[ECO "D02"]
[NIC "QP.06"]
[Time "10:02:18"]
[PlyCount "62"]
[TimeControl "3600+10"]

1. d4 Nf6 2. Nf3 d5 3. b3 Bf5 4. e3 e6 5. Bb2 Nbd7 6. Bd3 Bg6 7. c4 c6 8.
Nc3 Be7 9. h3 Qc7 10. a4 Ne4 11. Qc2 Ndf6 12. Ne5 Nxc3 13. Nxg6 hxg6 14.
Qxc3 a5 15. Ba3 Bxa3 16. Rxa3 O-O 17. g4 Rfe8 18. f4 g5 19. fxg5 Qg3+ 20.
Kf1 Qf3+ 21. Kg1 Qxe3+ 22. Kg2 Ne4 23. Qc2 Qg3+ 24. Kf1 Nxg5 25. h4 Qf4+
26. Ke2 Qf3+ 27. Kd2 Qxh1 28. Kc3 Ne4+ 29. Kb2 Qg1 30. Bxe4 Qxd4+ 31. Kc1
dxe4 { White resigns } 0-1

[Event "ICC tourney 2517 (60 10)"]
[Site "Internet Chess Club"]
[Date "2021.04.17"]
[Round "1"]
[White "SLATER, DANIL:danilattack"]
[Black "CAO, ZHIYU:BlueZillop"]
[Result "1-0"]
[ICCResult "Black resigns"]
[WhiteElo "1700"]
[BlackElo "1312"]
[Opening "QGD: exchange, positional line"]
[ECO "D35"]
[NIC "QO.16"]
[Time "10:02:18"]
[PlyCount "83"]
[TimeControl "3600+10"]

1. d4 d5 2. c4 e6 3. Nc3 Nf6 4. cxd5 exd5 5. Bg5 Nc6 6. e3 Be7 7. Bd3 O-O
8. Nge2 h6 9. Bh4 Nb4 10. Bb1 Be6 11. O-O Qd7 12. a3 Nc6 13. Nf4 Rfd8 14.
Qd3 g5 15. Nxe6 Qxe6 16. Bg3 a6 17. b4 b5 18. Bc2 Bd6 19. Ne2 Qe4 20. Qc3
Qe8 21. f3 Ne7 22. e4 Bxg3 23. Nxg3 Qd7 24. e5 Ne8 25. Nh5 Qe6 26. f4 f5
27. fxg5 hxg5 28. Qh3 g4 29. Qh4 Ng7 30. Nxg7 Kxg7 31. Bxf5 Nxf5 32. Qg5+
Qg6 33. Rxf5 Qxg5 34. Rxg5+ Kh6 35. Rxg4 Rf8 36. Rf1 Rxf1+ 37. Kxf1 Rf8+
38. Ke2 Rf7 39. g3 Kh5 40. Rf4 Rh7 41. h4 Rg7 42. Kf3 { Black resigns } 1-0

[Event "ICC tourney 2517 (60 10)"]
[Site "Internet Chess Club"]
[Date "2021.04.17"]
[Round "1"]
[White "TAI, EMILY:ETfhonehome"]
[Black "ROBERTS, ASTON:AstonRoberts"]
[Result "0-1"]
[ICCResult "White resigns"]
[WhiteElo "1297"]
[BlackElo "1696"]
[Opening "Sicilian: closed"]
[ECO "B23"]
[NIC "SI.44"]
[Time "10:01:56"]
[PlyCount "52"]
[TimeControl "3600+10"]

1. e4 c5 2. Nc3 e6 3. f4 d5 4. Bb5+ Bd7 5. exd5 Bxb5 6. Nxb5 a6 7. Nc3 exd5
8. Nf3 Nc6 9. O-O Nf6 10. Ne5 Bd6 11. Nxc6 bxc6 12. Qe1+ Be7 13. Na4 O-O
14. b3 Re8 15. c4 dxc4 16. bxc4 Qd4+ 17. Qe3 Qxa1 18. Nc3 Bd8 19. Qf3 Ba5
20. Ba3 Bxc3 21. Rxa1 Bxa1 22. Bxc5 Ne4 23. Be3 Rad8 24. Bb6 Rb8 25. Qe3 c5
26. Qb3 Bd4+ { White resigns } 0-1

[Event "ICC tourney 2517 (60 10)"]
[Site "Internet Chess Club"]
[Date "2021.04.17"]
[Round "1"]
[White "DASARI, ARJUN:CHESSB111"]
[Black "CHEN, HENRY:Bluebird1222"]
[Result "0-1"]
[ICCResult "White checkmated"]
[WhiteElo "1292"]
[BlackElo "1669"]
[Opening "Sicilian: Najdorf"]
[ECO "B90"]
[NIC "SI.14"]
[Time "10:02:12"]
[PlyCount "106"]
[TimeControl "3600+10"]

1. e4 c5 2. Nf3 d6 3. d4 cxd4 4. Nxd4 Nf6 5. Nc3 a6 6. f3 e5 7. Nb3 Be6 8.
Be3 Be7 9. Qd2 O-O 10. O-O-O Nbd7 11. g4 b5 12. h4 b4 13. Ne2 a5 14. Kb1 a4
15. Nbc1 Qa5 16. Nd3 d5 17. a3 d4 18. Bf2 bxa3 19. Qxa5 Rxa5 20. c3 dxc3
21. Nxc3 axb2 22. Nxb2 Rb8 23. Ka1 Nc5 24. Bxc5 Bxc5 25. Bc4 Bd4 26. Rc1
Bxc4 27. Nxc4 Rc5 28. Nb2 Rxc3 29. Ka2 Rxc1 30. Rxc1 Rxb2+ 31. Ka3 Rb8 32.
Kxa4 h6 33. g5 hxg5 34. hxg5 Nh5 35. Rc6 Nf4 36. Ka5 Ne6 37. g6 Nf4 38.
gxf7+ Kxf7 39. Rc7+ Kf6 40. Rc6+ Ne6 41. Ka4 Rb6 42. Rxb6 Bxb6 43. Kb5 Bd4
44. Kc4 Ng5 45. f4 Nxe4 46. Kd3 exf4 47. Kxe4 Be3 48. Kf3 g5 49. Kg2 g4 50.
Kf1 f3 51. Ke1 g3 52. Kf1 g2+ 53. Ke1 g1=R# { White checkmated } 0-1

[Event "ICC tourney 2517 (60 10)"]
[Site "Internet Chess Club"]
[Date "2021.04.17"]
[Round "1"]
[White "NEMMALI, PRATEEK R:Priccchess"]
[Black "WANG, KEVIN:Deepbrainfinal"]
[Result "1-0"]
[ICCResult "Black resigns"]
[WhiteElo "1822"]
[BlackElo "1431"]
[Opening "Caro-Kann: exchange variation"]
[ECO "B13"]
[NIC "CK.02"]
[Time "10:02:04"]
[PlyCount "103"]
[TimeControl "3600+10"]

1. e4 c6 2. d4 d5 3. exd5 cxd5 4. Nf3 e6 5. Bd3 Nf6 6. Bf4 Nc6 7. c3 h6 8.
Nbd2 Bd6 9. Bxd6 Qxd6 10. O-O O-O 11. Re1 Re8 12. Nf1 Bd7 13. Ne5 Qc7 14.
Bc2 Nxe5 15. dxe5 Ne4 16. Bxe4 dxe4 17. Rxe4 Bc6 18. Re1 Rad8 19. Qe2 Qb6
20. Ne3 Qc5 21. f4 Bb5 22. Qf2 Rd3 23. Rad1 Red8 24. Rxd3 Rxd3 25. Qe2 Rxc3
26. Qf2 Rc1 27. h3 a6 28. Rxc1 Qxc1+ 29. Kh2 Bc6 30. a3 Be4 31. Nf1 g5 32.
fxg5 hxg5 33. Ng3 Bg6 34. Qb6 Qf4 35. Qxb7 Qxe5 36. Qxa6 Qxb2 37. Qa8+ Kg7
38. a4 Qe5 39. a5 f5 40. Qb7+ Kh6 41. a6 f4 42. Nf1 f3+ 43. Ng3 f2 44. Qf3
Qa5 45. Qf8+ Kh7 46. Qe7+ Kh6 47. a7 Qa6 48. Qf8+ Kh7 49. a8=Q Qxa8 50.
Qxa8 e5 51. Qa7+ Kh6 52. Qxf2 { Black resigns } 1-0

[Event "ICC tourney 2517 (60 10)"]
[Site "Internet Chess Club"]
[Date "2021.04.17"]
[Round "1"]
[White "JIANG, ANDY:anan193"]
[Black "LIANG, JASON:Jupiter435"]
[Result "0-1"]
[ICCResult "White checkmated"]
[WhiteElo "1618"]
[BlackElo "2384"]
[Opening "QGD: Cambridge Springs defense"]
[ECO "D52"]
[NIC "QO.15"]
[Time "10:02:02"]
[PlyCount "76"]
[TimeControl "3600+10"]

1. d4 d5 2. c4 c6 3. Nc3 Nf6 4. Nf3 e6 5. Bg5 Nbd7 6. e3 Qa5 7. c5 Ne4 8.
Rc1 Nxg5 9. Nxg5 Qd8 10. h4 Be7 11. Qh5 g6 12. Qf3 Bxg5 13. hxg5 Qxg5 14.
b4 e5 15. Rd1 O-O 16. g3 Nf6 17. Bh3 Bxh3 18. Rxh3 Rfe8 19. Ne2 a5 20. b5
cxb5 21. Nc3 e4 22. Qh1 b4 23. Nb5 Re7 24. Kd2 h5 25. g4 Nxg4 26. Rg1 Qf5
27. f4 exf3 28. Nd6 Qg5 29. Qxf3 Rf8 30. Rgg3 b6 31. cxb6 Re6 32. Nb5 Rxb6
33. Nc7 Rd6 34. Rg1 Rc8 35. Rc1 Rf6 36. Qg3 Rf2+ 37. Kd3 Qf5+ 38. e4 Qxe4#
{ White checkmated } 0-1

[Event "ICC tourney 2517 (60 10)"]
[Site "Internet Chess Club"]
[Date "2021.04.17"]
[Round "1"]
[White "LANCMAN, KALEB:kaleblancman"]
[Black "KAUR, ARADH:pari538"]
[Result "1-0"]
[ICCResult "Black checkmated"]
[WhiteElo "1839"]
[BlackElo "1477"]
[Opening "Queen's pawn, Mason variation"]
[ECO "D00"]
[NIC "QP.08"]
[Time "10:02:15"]
[PlyCount "93"]
[TimeControl "3600+10"]

1. d4 d5 2. Bf4 Nf6 3. e3 e6 4. Nd2 Nbd7 5. Ngf3 Be7 6. Bd3 O-O 7. c3 b6 8.
Qe2 Bb7 9. Rd1 c5 10. O-O c4 11. Bc2 Nh5 12. Rfe1 Nxf4 13. exf4 Bd6 14. Ne5
Nxe5 15. fxe5 Be7 16. f4 a5 17. Rf1 Re8 18. Qg4 Bc8 19. f5 exf5 20. Bxf5
Bxf5 21. Rxf5 Bf8 22. Rdf1 Qd7 23. R1f3 Kh8 24. Qh4 Re7 25. Qf2 Ra7 26. Nf1
Qe8 27. Ne3 Rac7 28. Nxd5 Qa4 29. Nxc7 Qd1+ 30. Qf1 Qxf1+ 31. Kxf1 Rxc7 32.
Rxf7 Rxf7 33. Rxf7 Kg8 34. Rb7 a4 35. e6 a3 36. bxa3 g6 37. e7 Bxe7 38.
Rxe7 b5 39. Re5 Kf7 40. d5 Kf6 41. Re1 Kf7 42. d6 b4 43. axb4 Kg7 44. d7
Kh6 45. d8=Q Kh5 46. Re5+ Kh6 47. Qf8# { Black checkmated } 1-0

[Event "ICC tourney 2517 (60 10)"]
[Site "Internet Chess Club"]
[Date "2021.04.17"]
[Round "1"]
[White "CHAN, JADEN J:acushemama"]
[Black "GUILLEMETTE, HUGO:Heliosis"]
[Result "0-1"]
[ICCResult "White checkmated"]
[WhiteElo "1522"]
[BlackElo "1894"]
[Opening "Nimzo-Indian: 4.e3 e8g8, 5.Nf3 d7d5"]
[ECO "E51"]
[NIC "NI.27"]
[Time "10:02:44"]
[PlyCount "68"]
[TimeControl "3600+10"]

1. d4 Nf6 2. c4 e6 3. Nc3 Bb4 4. Nf3 d5 5. e3 O-O 6. a3 Bxc3+ 7. bxc3 c5 8.
Be2 Nc6 9. O-O Ne4 10. Bd2 b6 11. Qc2 Bb7 12. Bd3 f5 13. Rad1 Kh8 14. cxd5
exd5 15. c4 dxc4 16. Qxc4 Qe7 17. dxc5 Nxc5 18. Nd4 Ne5 19. Qc2 Nexd3 20.
Bb4 Qe4 21. Nf3 Nxb4 22. Qxe4 fxe4 23. axb4 exf3 24. bxc5 fxg2 25. Rfe1
bxc5 26. Rd7 Bf3 27. Rc1 a5 28. Rxc5 Rfc8 29. Rcc7 Rxc7 30. Rxc7 a4 31. Rc1
a3 32. Ra1 a2 33. Rc1 a1=Q 34. Rxa1 Rxa1# { White checkmated } 0-1

[Event "ICC tourney 2517 (60 10)"]
[Site "Internet Chess Club"]
[Date "2021.04.17"]
[Round "1"]
[White "LUKOSE, JOYCE:IcePotato"]
[Black "WANG, FELICITY:fireheart"]
[Result "0-1"]
[ICCResult "White checkmated"]
[WhiteElo "1271"]
[BlackElo "1649"]
[Opening "Modern defense"]
[ECO "A40"]
[NIC "QO.17"]
[Time "10:01:50"]
[PlyCount "72"]
[TimeControl "3600+10"]

1. d4 g6 2. c4 d6 3. Nc3 Bg7 4. Nf3 Nd7 5. Bf4 e5 6. dxe5 dxe5 7. Bg3 Ne7
8. e4 O-O 9. Be2 h6 10. O-O f5 11. h3 f4 12. Bh2 g5 13. Qd3 c6 14. Rad1 Ng6
15. c5 Qe8 16. Qc4+ Kh7 17. Rd6 Nf6 18. Nd2 g4 19. hxg4 Nxg4 20. Nf3 Qe7
21. Rd3 Be6 22. Qb4 a5 23. Qa3 Nh4 24. Nxh4 Qxh4 25. Rh3 Qg5 26. g3 Ne3 27.
Rh5 Qg6 28. fxe3 fxg3 29. Bf3 gxh2+ 30. Kxh2 Rxf3 31. Rxf3 Qxh5+ 32. Kg2
Bf6 33. Rxf6 Qg5+ 34. Kh2 Qxf6 35. b3 Rg8 36. Qb2 Qh4# { White checkmated }
0-1

[Event "ICC tourney 2517 (60 10)"]
[Site "Internet Chess Club"]
[Date "2021.04.17"]
[Round "1"]
[White "MISHRA, ARYAN:incredibleking"]
[Black "Sheppard, Henry Saadi:henrysaadi"]
[Result "0-1"]
[ICCResult "White checkmated"]
[WhiteElo "1736"]
[BlackElo "1388"]
[Opening "QGD: 4.Nf3"]
[ECO "D37"]
[NIC "QP.08"]
[Time "10:02:03"]
[PlyCount "102"]
[TimeControl "3600+10"]

1. d4 d5 2. c4 e6 3. Nf3 Nf6 4. Nc3 Bd6 5. Bg5 c6 6. e3 O-O 7. Bd3 Nbd7 8.
O-O Qc7 9. Qc2 h6 10. Bh4 Ng4 11. Bg3 Bxg3 12. fxg3 Nxe3 13. Qe2 Nxf1 14.
Rxf1 Nf6 15. Ne5 Qb6 16. Qf2 Bd7 17. b3 Be8 18. Nd1 Rd8 19. c5 Qc7 20. Ne3
Nd7 21. N3g4 Nxe5 22. Nxe5 b6 23. b4 bxc5 24. bxc5 Qe7 25. h4 Rb8 26. g4 f6
27. Nf3 Bd7 28. Re1 Qd8 29. Qg3 Rb2 30. g5 fxg5 31. hxg5 hxg5 32. Nxg5 Rff2
33. Bf1 Qf6 34. Qh4 Qh6 35. Qg3 Bc8 36. Nf3 Kh7 37. Ne5 Rxa2 38. Bd3+ Kg8
39. Qxf2 Rxf2 40. Kxf2 Qh4+ 41. Kf1 Qxd4 42. Bg6 Ba6+ 43. Re2 Qd1+ 44. Kf2
Qxe2+ 45. Kg3 Qxe5+ 46. Kg4 Be2+ 47. Kh4 Qf4+ 48. Kh3 Qg4+ 49. Kh2 Bf1 50.
Bh7+ Kxh7 51. Kh1 Qxg2# { White checkmated } 0-1

[Event "ICC tourney 2517 (60 10)"]
[Site "Internet Chess Club"]
[Date "2021.04.17"]
[Round "1"]
[White "Xiao, Marina:marinaxiao"]
[Black "CHAKRAVARTY, ARITRO:aritroc"]
[Result "0-1"]
[ICCResult "White checkmated"]
[WhiteElo "1512"]
[BlackElo "1881"]
[Opening "Sicilian defense"]
[ECO "B33"]
[NIC "SI.34"]
[Time "10:01:49"]
[PlyCount "114"]
[TimeControl "3600+10"]

1. e4 c5 2. Nf3 Nc6 3. d4 cxd4 4. Nxd4 Nf6 5. Nc3 e6 6. Be2 Bb4 7. Nxc6
bxc6 8. Bd3 d5 9. exd5 exd5 10. Bd2 O-O 11. O-O h6 12. a3 Bd6 13. h3 Rb8
14. Rb1 Bc7 15. Be3 Qd6 16. g3 Bxh3 17. Re1 Ng4 18. Bf4 Qc5 19. Qf3 Bb6 20.
Re2 Rb7 21. Rd1 Re7 22. b4 Qxc3 23. Rxe7 Nxf2 24. Bh7+ Kxh7 25. Qxc3 Nxd1+
26. Kh2 Nxc3 27. Kxh3 Kg6 28. Be5 Ne4 29. Bf4 f6 30. Re6 Ng5+ 31. Bxg5 hxg5
32. Rxc6 Rf7 33. Rd6 Rc7 34. Rxd5 Rxc2 35. Rd3 Ra2 36. g4 a5 37. bxa5 Bxa5
38. Kg3 Be1+ 39. Kh3 Bf2 40. Rc3 Bd4 41. Rd3 Bc5 42. Rc3 Rxa3 43. Rxa3 Bxa3
44. Kg3 f5 45. gxf5+ Kxf5 46. Kf3 g4+ 47. Kg3 Bd6+ 48. Kg2 Kf4 49. Kf2 Bc5+
50. Kg2 g5 51. Kf1 Kf3 52. Ke1 g3 53. Kf1 g2+ 54. Ke1 g1=Q+ 55. Kd2 Qd4+
56. Ke1 g4 57. Kf1 Qf2# { White checkmated } 0-1

[Event "ICC tourney 2517 (60 10)"]
[Site "Internet Chess Club"]
[Date "2021.04.17"]
[Round "1"]
[White "GILLMAN, JONES:JonesGill"]
[Black "Kulkarni, Tanush:TeeKay2020"]
[Result "1/2-1/2"]
[ICCResult "Game drawn by mutual agreement"]
[WhiteElo "1387"]
[BlackElo "1732"]
[Opening "French: Two knights variation"]
[ECO "C00"]
[NIC "FR.01"]
[Time "10:02:01"]
[PlyCount "81"]
[TimeControl "3600+10"]

1. e4 e6 2. Nc3 d5 3. Nf3 Nf6 4. e5 Nfd7 5. d4 c5 6. dxc5 Bxc5 7. Bd3 Nc6
8. Bf4 a6 9. O-O O-O 10. Bxh7+ Kxh7 11. Ng5+ Qxg5 12. Bxg5 Ndxe5 13. Qh5+
Kg8 14. Rad1 Bd7 15. Rfe1 f6 16. Bf4 Be8 17. Qh3 Bf7 18. Na4 Ba7 19. b3
Rac8 20. Be3 d4 21. Bd2 b5 22. Nb2 Rfd8 23. Nd3 Nxd3 24. cxd3 Bc5 25. Rc1
Bb4 26. Bxb4 Nxb4 27. a3 Nc2 28. Re2 Nxa3 29. Rxc8 Rxc8 30. g3 Rc1+ 31. Kg2
Nc2 32. Qg4 Ne1+ 33. Kh3 e5 34. Rxe1 Rxe1 35. Qc8+ Kh7 36. Qxa6 Bxb3 37.
Qxb5 Be6+ 38. Kg2 Bf5 39. Qb3 Rc1 40. h3 Rc3 41. Qd1 { Game drawn by mutual
agreement } 1/2-1/2

[Event "ICC tourney 2517 (60 10)"]
[Site "Internet Chess Club"]
[Date "2021.04.17"]
[Round "1"]
[White "IGEL, LIAH:ilikegoose"]
[Black "Reiss, Aiden:Aidenrchess"]
[Result "0-1"]
[ICCResult "White checkmated"]
[WhiteElo "1493"]
[BlackElo "1853"]
[Opening "Sicilian: Alapin's variation (2.c3)"]
[ECO "B22"]
[NIC "SI.47"]
[Time "10:01:49"]
[PlyCount "62"]
[TimeControl "3600+10"]

1. e4 c5 2. c3 Nf6 3. e5 Nd5 4. d4 cxd4 5. cxd4 d6 6. Bc4 Nb6 7. Bb5+ Bd7
8. Bxd7+ Qxd7 9. Nc3 e6 10. Nf3 Be7 11. O-O O-O 12. a4 Nc6 13. Bf4 Rfd8 14.
b3 dxe5 15. dxe5 Qc7 16. Qc1 a6 17. Rd1 Nb4 18. Ne2 Rxd1+ 19. Qxd1 N6d5 20.
Rc1 Qb6 21. Bg3 Bc5 22. Ned4 Rd8 23. Bh4 Rd7 24. Nc2 Na2 25. Ra1 Nac3 26.
Qd3 Qxb3 27. Nd2 Qb6 28. Nc4 Qc6 29. Nd4 Bxd4 30. Rc1 Nf4 31. Qd2 Qxg2# {
White checkmated } 0-1

[Event "ICC tourney 2517 (60 10)"]
[Site "Internet Chess Club"]
[Date "2021.04.17"]
[Round "1"]
[White "KARUNAKARAN, KAPILAN:kapilank"]
[Black "Nieuwerburgh, Paul Alexander:pvnieuwe"]
[Result "0-1"]
[ICCResult "White checkmated"]
[WhiteElo "1866"]
[BlackElo "1501"]
[Opening "Sicilian: Hungarian variation"]
[ECO "B34"]
[NIC "SI.33"]
[Time "10:02:16"]
[PlyCount "84"]
[TimeControl "3600+10"]

1. e4 c5 2. Nf3 g6 3. d4 cxd4 4. Nxd4 Nc6 5. Be3 Bg7 6. c3 d5 7. Bb5 Qd6 8.
O-O dxe4 9. Nxc6 Bd7 10. Qxd6 exd6 11. Nd4 Nf6 12. Bxd7+ Nxd7 13. Nd2 d5
14. f3 f5 15. fxe4 dxe4 16. Ne6 Be5 17. Nc4 Ke7 18. Nxe5 Nxe5 19. Nf4 b6
20. Bd4 Kd6 21. Rad1 Rhe8 22. Bxb6+ Kc6 23. Bd4 Ng4 24. h3 Nh6 25. Be3 g5
26. Ne2 f4 27. Bd4 Nf5 28. Bf2 e3 29. Be1 Rad8 30. Rxd8 Rxd8 31. Nd4+ Nxd4
32. cxd4 Kd5 33. Bc3 Ke4 34. Rd1 Rd5 35. Kf1 h5 36. Ke2 g4 37. hxg4 hxg4
38. Rf1 Rf5 39. Rd1 f3+ 40. gxf3+ gxf3+ 41. Ke1 Rh5 42. Bd2 Rh1# { White
checkmated } 0-1

[Event "ICC tourney 2517 (60 10)"]
[Site "Internet Chess Club"]
[Date "2021.04.17"]
[Round "1"]
[White "DESAI, VED:Zuiopal"]
[Black "BURTON, ERICA:EChessPlayer"]
[Result "1-0"]
[ICCResult "Black checkmated"]
[WhiteElo "1628"]
[BlackElo "1039"]
[Opening "QGD: exchange, positional line"]
[ECO "D35"]
[NIC "QO.16"]
[Time "10:02:03"]
[PlyCount "75"]
[TimeControl "3600+10"]

1. d4 d5 2. c4 e6 3. Nc3 Nf6 4. cxd5 exd5 5. Bg5 Be7 6. e3 O-O 7. Bd3 h6 8.
Bh4 Nc6 9. a3 Re8 10. Nge2 Nh7 11. Bxe7 Qxe7 12. Nxd5 Qd8 13. Ndc3 Bg4 14.
Bxh7+ Kxh7 15. O-O a5 16. h3 Bh5 17. b4 axb4 18. axb4 Rxa1 19. Qxa1 Nxb4
20. Qb1+ Bg6 21. Qxb4 b6 22. Qb5 c5 23. Rd1 cxd4 24. Rxd4 Qb8 25. Nf4 Re5
26. Rd5 Re7 27. Nxg6 fxg6 28. g3 Rc7 29. Qd3 Qa7 30. Rd6 Qa8 31. Qxg6+ Kh8
32. Qd3 g5 33. Rd8+ Qxd8 34. Qxd8+ Kg7 35. Qxc7+ Kg6 36. Qxb6+ Kh5 37. g4+
Kh4 38. Qxh6# { Black checkmated } 1-0

[Event "ICC tourney 2517 (60 10)"]
[Site "Internet Chess Club"]
[Date "2021.04.17"]
[Round "1"]
[White "YU, SICHENG:CheddarCheng1"]
[Black "LOCHAM, DIVJOT SINGH:winner08"]
[Result "1-0"]
[ICCResult "Black checkmated"]
[WhiteElo "1427"]
[BlackElo "1809"]
[Opening "Giuoco Piano"]
[ECO "C50"]
[NIC "IG.02"]
[Time "10:01:48"]
[PlyCount "151"]
[TimeControl "3600+10"]

1. e4 e5 2. Nf3 Nc6 3. Bc4 Bc5 4. O-O Nge7 5. c3 O-O 6. d4 exd4 7. cxd4 Bb6
8. d5 Nb8 9. e5 Ng6 10. Bg5 Qe8 11. Re1 h6 12. Bd2 Qe7 13. a3 Qc5 14. Qe2
a5 15. Be3 Qe7 16. d6 Qd8 17. Bxb6 cxb6 18. Qd3 Nc6 19. Qxg6 b5 20. Ba2 b4
21. axb4 Nxb4 22. Qe4 Qb6 23. Nc3 Qc6 24. Bd5 Qa6 25. Nd4 Qd3 26. Qxd3 Nxd3
27. Re3 Nb4 28. Rg3 Kh7 29. Be4+ g6 30. h4 h5 31. Nf3 Nc6 32. Nd5 Kh6 33.
Ng5 Nxe5 34. f4 Ng4 35. f5 Ne5 36. fxg6 fxg6 37. Nf3 Ng4 38. Ne7 Ra6 39.
Nxc8 Rxc8 40. Bxb7 Rcc6 41. Bxa6 Rxa6 42. Rd1 Ne3 43. Rd3 Nf5 44. Rg5 Nxd6
45. Ne5 Nf5 46. Nf7+ Kg7 47. Rxd7 Nxh4 48. Rb5 Kf6 49. Rd6+ Rxd6 50. Nxd6
Ke7 51. Ne4 Nf5 52. Rxa5 Ne3 53. Re5+ Kf8 54. Nd6 Ng4 55. Re8+ Kg7 56. b4
Nf6 57. Re7+ Kg8 58. b5 Nd5 59. Re5 Nc7 60. b6 Na6 61. b7 Kh7 62. Re7+ Kg8
63. Re8+ Kh7 64. b8=Q Nxb8 65. Rxb8 Kh6 66. Ne4 g5 67. Rb6+ Kg7 68. Nxg5 h4
69. Kf2 Kg8 70. Kf3 h3 71. gxh3 Kg7 72. Kf4 Kg8 73. h4 Kg7 74. h5 Kg8 75.
h6 Kh8 76. Rb8# { Black checkmated } 1-0

[Event "ICC tourney 2517 (60 10)"]
[Site "Internet Chess Club"]
[Date "2021.04.17"]
[Round "1"]
[White "Nasta, Kiren:knasta"]
[Black "LIAO, CAITLIN:che8642"]
[Result "1-0"]
[ICCResult "Black checkmated"]
[WhiteElo "1897"]
[BlackElo "1530"]
[Opening "Sicilian: modern Scheveningen, main line with Nb3"]
[ECO "B58"]
[NIC "SI.25"]
[Time "10:02:24"]
[PlyCount "69"]
[TimeControl "3600+10"]

1. e4 c5 2. Nf3 d6 3. d4 cxd4 4. Nxd4 Nf6 5. Nc3 Nc6 6. Be2 Bd7 7. O-O e6
8. Be3 Be7 9. Nb3 O-O 10. f4 Qc7 11. Kh1 a6 12. a4 Na5 13. e5 Nxb3 14. exf6
Nxa1 15. fxe7 Rfe8 16. Qxa1 Rxe7 17. f5 Bc6 18. f6 gxf6 19. Bh6 f5 20. Qe1
f6 21. Qg3+ Kh8 22. Qh4 b6 23. Qxf6+ Kg8 24. Bc4 d5 25. Rf3 Rg7 26. Bxg7
Qxg7 27. Rg3 Qxg3 28. hxg3 dxc4 29. Qxe6+ Kh8 30. Qxc6 Rg8 31. Qf6+ Rg7 32.
Nd5 b5 33. Ne7 bxa4 34. Qf8+ Rg8 35. Qxg8# { Black checkmated } 1-0